 Dungeon Crawl Stone Soup version 0.29.1-2-gbd0b4ee654 (webtiles) character file.

Game seed: 18407602611270217480

21419 Avanven the Brawler (level 12, -4/99 (100) HPs)
             Began as a Troll Gladiator on Nov 5, 2022.
             Was the Champion of Okawaru.
             Slain by a cane toad (5 damage)
             ... while petrified by a basilisk
             ... on level 4 of the Lair of Beasts.
             The game lasted 00:29:12 (10589 turns).

Avanven the Brawler (Troll Gladiator)              Turns: 10589, Time: 00:29:13

HP:   -4/99 (100)   AC:  9    Str: 37    XL:     12   Next: 54%
MP:   11/11         EV:  1    Int:  4    God:    Okawaru [******]
Gold: 559           SH:  0    Dex: 11    Spells: 11/11 levels left

rFire   . . .      SeeInvis .     - Unarmed
rCold   . . .      Faith    .   (no shield)
rNeg    + + +      Spirit   .   G - +0 steam dragon scales
rPois   ∞          Reflect  .   M - +1 hat
rElec   .          Harm     .   s - +0 cloak
rCorr   .          Rampage  .   (gloves unavailable)
Will    .....                   (boots unavailable)
Stlth   ++........              e - amulet of the acrobat
HPRegen 1.06/turn               h - ring of poison resistance
MPRegen 0.12/turn               E - ring "Ningo" {+Blink rN+ Str+8 Stlth+}

@: petrified, lightly drained
A: large, unfitting armour, claws 3, regeneration 1, shaggy fur 1, tough skin 1,
MP-powered wands
a: Renounce Religion, Evoke Blink, Heroism, Finesse, Duel


You were on level 4 of the Lair of Beasts.
You worshipped Okawaru.
Okawaru was exalted by your worship.
You visited 3 branches of the dungeon, and saw 14 of its levels.
You also visited: Bailey.

You collected 839 gold pieces.
You spent 280 gold pieces at shops.

Inventory:

Missiles
 K - 2 javelins (quivered)
Armour
 j - the +18 shield of the Gong {rElec rN+ Will+ EV-5}
   (You acquired it on level 5 of the Dungeon)

   It is deafeningly noisy when blocking attacks.
   EV:        It affects your evasion (-5).
   rElec:     It insulates you from electricity.
   rN:        It protects you from negative energy.
   Will:      It increases your willpower.
 s - a +0 cloak (worn)
 G - +0 steam dragon scales (worn)
 M - a +1 hat (worn)
Jewellery
 e - an amulet of the acrobat (around neck)
 h - a ring of poison resistance (left claw)
 m - a ring of positive energy
 n - a ring of protection from cold
 E - the ring "Ningo" (right claw) {+Blink rN+ Str+8 Stlth+}
   (You found it on level 8 of the Dungeon)

   [ring of positive energy]

   Str:       It affects your strength (+8).
   rN:        It protects you from negative energy.
   +Blink:    It lets you blink.
   Stlth:     It makes you more stealthy.
Wands
 a - a wand of paralysis (27)
 u - a wand of quicksilver (17)
 y - a wand of flame (21)
 A - a wand of iceblast (2)
 F - a wand of polymorph (7)
Scrolls
 i - 2 scrolls of enchant armour
 l - a scroll of poison
 r - a scroll of teleportation
 D - a scroll of magic mapping
Potions
 f - a potion of heal wounds
 k - 6 potions of curing
 o - a potion of resistance
 v - a potion of lignification {unknown}
 w - a potion of magic {unknown}
 x - 4 potions of might {unknown}
 z - 3 potions of flight {unknown}
 B - 3 potions of degeneration {unknown}
 C - 3 potions of haste {unknown}
 H - a potion of invisibility
Miscellaneous
 b - a lightning rod (4/4)
 d - a tin of tremorstones (2/2)


   Skills:
 - Level 1.5 Fighting
 - Level 11.0 Throwing
 + Level 2.6 Armour
 - Level 2.4 Dodging
 * Level 17.2 Unarmed Combat


You had 11 spell levels left.
You didn't know any spells.
Your spell library contained the following spells:

 Spells                   Type           Power      Damage    Failure   Level
 Passage of Golubria      Tloc           0%         N/A       99%         4
 Yara's Violent Unravell  Hex/Tmut       0%         3d3       100%        5
 Tukima's Dance           Hex            Unusable   N/A       N/A         3

Dungeon Overview and Level Annotations

Branches:
Dungeon (9/15)             Temple (1/1) D:4            Lair (4/5) D:9
 Shoals (0/4) Lair:2        Snake (0/4) Lair:2       Bailey (visited)
  Slime: Lair:4-5       Orc: D:9-12

Altars:
Ashenzari
Cheibriados
Dithmenos
Elyvilon
Fedhas
Gozag
Hepliaklqana
Kikubaaqudgha
Makhleb
Nemelex Xobeh
Okawaru
Qazlal
Ru
Sif Muna
Trog
Uskayaw
Vehumet
Wu Jian
Yredelemnul
Zin
The Shining One

Shops:
D:3 *   D:5 *   D:8 *

Annotations:
Lair:2 3 runed translucent doors, Henri's ghost, journeyman VSEn; barott's ghost, journeyman GrFi


Innate Abilities, Weirdness & Mutations

You are too large for most types of armour.
You have claws for hands.
Your natural rate of healing is unusually fast.
You are covered in fur. (AC +1)
You have tough skin. (AC +1)
You expend magic power (3 MP) to strengthen your wands.


Message History

The hell rat bites you! The ice encasing you melts away.
The blink frog hits you.
The blink frog blinks!
The basilisk bites you!
The hell rat bites you but does no damage.
The wyvern bites you but does no damage.
The cane toad stings you. The hell rat barely misses you. The wyvern bites you!
The wyvern bites you. The eight-headed hydra bites you.
The eight-headed hydra bites you!
The eight-headed hydra bites you but does no damage.
The eight-headed hydra bites you. The eight-headed hydra bites you!
The eight-headed hydra bites you. x2
* * * LOW HITPOINT WARNING * * *
The eight-headed hydra bites you.
* * * LOW HITPOINT WARNING * * *
The hell rat bites you!
* * * LOW HITPOINT WARNING * * *
The basilisk bites you!
* * * LOW HITPOINT WARNING * * *
The rime drake bites you but does no damage.
The cane toad stings you.
* * * LOW HITPOINT WARNING * * *
The hell rat bites you.
* * * LOW HITPOINT WARNING * * *
The wyvern bites you.
The wyvern bites you but does no damage.
The basilisk hisses angrily.
The hell rat bites you but does no damage.
The rime drake bites you but does no damage.
The eight-headed hydra bites you.
* * * LOW HITPOINT WARNING * * *
The eight-headed hydra bites you!
* * * LOW HITPOINT WARNING * * *
The eight-headed hydra bites you but does no damage.
The eight-headed hydra bites you. x2
* * * LOW HITPOINT WARNING * * *
The eight-headed hydra bites you but does no damage. x2
The eight-headed hydra bites you!
* * * LOW HITPOINT WARNING * * *
The cane toad stings you!
You die...

...........# #......P# #....†..
†.........## #......P# ##.......
...........# ##.......###........
...........# #.........##........
....<....#.###...................
.........# #.....................
......l...###..lF................
.......S.#####.rrk........P......
.........###..rl@lF......####....
......###.l..FlDFl......## #....
#...P.....l...Fkrl.###..# ###..
##.............k...# #### ##.
..................# #.#
..........l.#.# ##.
#...........### ## .....#####.##
# .... ..# #


You could see an eight-headed hydra, a cane toad, 6 basilisks, 4 blink frogs, 3
rime drakes, 3 wyverns and 4 hell rats.

Vanquished Creatures
  A boulder beetle (Lair:3)
  2 catoblepae
  A two-headed ogre (D:8)
  An orc knight (Bailey)
  A deep elf pyromancer (D:7)
  A deep elf zephyrmancer (Bailey)
  4 elephants
  A black mamba (Lair:3)
  A torpor snail (Lair:2)
  8 cane toads
  2 rime drakes
  4 komodo dragons
  4 polar bears
  A slime creature (D:7)
  3 dream sheep (Lair:2)
  6 blink frogs
  Sigmund (D:4)
  7 yaks
  4 wyverns
  3 basilisks
  A steam dragon (D:7)
  2 acid dragons (D:9)
  2 nagas (Lair:2)
  5 water moccasins
  Duvessa (D:5)
  4 sky beasts
  11 orc warriors
  3 black bears
  An ogre (D:5)
  9 wolves
  3 centaurs
  A phantom (D:6)
  17 bullfrogs
  A kobold brigand (D:9)
  A gnoll sergeant (D:6)
  2 scorpions
  2 necrophages
  A wight (D:7)
  Dowan (D:5)
  6 killer bees (D:8)
  A howler monkey (D:5)
  2 electric eels
  3 jellies
  2 gnoll boudas
  4 orc priests
  7 hounds
  Jessica (D:2)
  2 iguanas
  6 orc wizards
  3 hell rats
  6 adders
  19 gnolls
  2 shadow imps
  5 white imps
  An ufetubus (D:7)
  2 worms (D:2)
  4 dart slugs
  39 orcs
  9 bats
  5 endoplasms
  2 giant cockroaches (D:3)
  12 goblins
  6 hobgoblins
  14 kobolds
  A quokka (D:2)
  6 ball pythons
  4 frilled lizards
  4 rats
302 creatures vanquished.

Vanquished Creatures (others)
  4 fungi
  21 plants
25 creatures vanquished.

Grand Total: 327 creatures vanquished

Notes
Turn   | Place    | Note
-------+----------+-------------------------------------------
     0 | D:1      | Avanven the Troll Gladiator began the quest for the Orb.
     0 | D:1      | Reached XP level 1. HP: 19/19 MP: 0/0
    69 | D:1      | Reached XP level 2. HP: 27/27 MP: 1/1
   460 | D:1      | Found a faded altar of an unknown god.
   741 | D:2      | Noticed Jessica
   748 | D:2      | Killed Jessica
   749 | D:2      | Reached skill level 4 in Unarmed Combat
   749 | D:2      | Reached XP level 3. HP: 22/33 MP: 2/2
  1081 | D:2      | Reached XP level 4. HP: 39/41 MP: 3/3
  1262 | D:3      | Found Muoluil's Assorted Antiques.
  1284 | D:3      | Gained mutation: You occasionally lose the ability to drink
                  | potions when taking damage. [potion of mutation]
  1284 | D:3      | Gained mutation: You have sharp toenails. [potion of
                  | mutation]
  1285 | D:3      | Lost mutation: You have sharp toenails. [potion of
                  | mutation]
  1285 | D:3      | Lost mutation: You occasionally lose the ability to drink
                  | potions when taking damage. [potion of mutation]
  1285 | D:3      | Gained mutation: You expend magic power (3 MP) to
                  | strengthen your wands. [potion of mutation]
  1384 | D:3      | Reached skill level 5 in Unarmed Combat
  1384 | D:3      | Reached XP level 5. HP: 20/48 MP: 4/4
  2061 | D:4      | Noticed a sky beast
  2067 | D:4      | Killed a sky beast
  2068 | D:4      | Reached XP level 6. HP: 55/55 MP: 5/5
  2123 | D:4      | Found a staircase to the Ecumenical Temple.
  2124 | D:4      | Noticed Sigmund
  2131 | D:4      | Reached skill level 6 in Unarmed Combat
  2151 | D:4      | Killed Sigmund
  2159 | Temple   | Entered the Ecumenical Temple
  2258 | Temple   | Became a worshipper of Warmaster Okawaru
  2410 | D:4      | Reached XP level 7. HP: 62/62 MP: 6/6
  2810 | D:5      | Entered Level 5 of the Dungeon
  2810 | D:5      | Found Fivimot's Lightly-Used Armoury.
  2881 | D:5      | Reached skill level 7 in Unarmed Combat
  2925 | D:5      | Found an ornate altar of the Wu Jian Council.
  2937 | D:5      | Found a blossoming altar of Fedhas.
  2940 | D:5      | Found a hazy altar of Hepliaklqana.
  2943 | D:5      | Found a white marble altar of Elyvilon.
  3074 | D:5      | Noticed Dowan
  3076 | D:5      | Noticed Duvessa
  3085 | D:5      | Killed Duvessa
  3088 | D:5      | Killed Dowan
  3174 | D:5      | Reached * piety under Okawaru
  3380 | D:5      | Reached skill level 5 in Throwing
  3393 | D:5      | Reached skill level 8 in Unarmed Combat
  3416 | D:5      | Identified a scroll of acquirement
  3416 | D:5      | Acquired the +18 shield of the Gong {rElec rN+ Will+ EV-5}
  3416 | D:5      | Found the +18 shield of the Gong {rElec rN+ Will+ EV-5}
  3551 | D:5      | Reached XP level 8. HP: 70/70 MP: 7/7
  3893 | D:6      | Reached ** piety under Okawaru
  3904 | D:6      | Reached skill level 9 in Unarmed Combat
  4274 | D:6      | Reached skill level 10 in Unarmed Combat
  4321 | D:6      | Reached *** piety under Okawaru
  4322 | D:6      | Reached XP level 9. HP: 76/76 MP: 8/8
  5138 | D:7      | Reached skill level 11 in Unarmed Combat
  5150 | D:7      | Noticed a deep elf pyromancer
  5161 | D:7      | Killed a deep elf pyromancer
  5171 | D:7      | Reached **** piety under Okawaru
  5847 | D:8      | Reached skill level 12 in Unarmed Combat
  5879 | D:8      | Reached XP level 10. HP: 33/85 MP: 7/9
  5933 | D:8      | Noticed a two-headed ogre
  5942 | D:8      | Killed a two-headed ogre
  6009 | D:8      | Identified the ring "Ningo" {+Blink rN+ Str+8 Stlth+}
  6206 | D:8      | Found Joluda's Assorted Antiques.
  6337 | D:8      | Found a glowing golden altar of the Shining One.
  6495 | D:8      | Bought 2 potions of heal wounds for 280 gold pieces
  6638 | D:9      | Reached skill level 13 in Unarmed Combat
  6638 | D:9      | Found a flagged portal.
  6644 | Bailey   | Entered a bailey
  6687 | Bailey   | Reached ***** piety under Okawaru
  6750 | Bailey   | Noticed an orc knight
  6755 | Bailey   | Found a large runed translucent door.
  6755 | Bailey   | Found a large runed translucent door.
  6757 | Bailey   | Noticed a deep elf zephyrmancer
  6760 | Bailey   | Killed an orc knight
  6889 | Bailey   | Killed a deep elf zephyrmancer
  6889 | Bailey   | Received a gift from Okawaru
  6910 | Bailey   | Identified the +2 plate armour "Kuubex" {Str+2}
  7103 | D:9      | Reached skill level 14 in Unarmed Combat
  7115 | D:9      | Noticed an elephant
  7123 | D:9      | Killed an elephant
  7124 | D:9      | Reached XP level 11. HP: 27/92 MP: 10/10
  7152 | D:9      | Found a staircase to the Lair.
  7248 | D:9      | Paralysed by a hornet for 2 turns
  7253 | D:9      | HP: 1/92 [orc warrior/+0 glaive (16)]
  7362 | Lair:1   | Entered Level 1 of the Lair of Beasts
  7809 | Lair:1   | Noticed a six-headed hydra
  7899 | Lair:2   | Reached skill level 15 in Unarmed Combat
  7905 | Lair:2   | Reached skill level 10 in Throwing
  7911 | Lair:2   | Received a gift from Okawaru
  8017 | Lair:2   | Received a gift from Okawaru
  8163 | Lair:2   | Found a staircase to the Shoals.
  8308 | Lair:2   | Found a runed translucent gate.
  8308 | Lair:2   | Found a runed translucent gate.
  8308 | Lair:2   | Found a runed translucent gate.
  8312 | Lair:2   | Noticed Henri's ghost (journeyman VSEn)
  8312 | Lair:2   | Noticed barott's ghost (journeyman GrFi)
  8408 | Lair:2   | Reached skill level 16 in Unarmed Combat
  8412 | Lair:2   | Reached XP level 12. HP: 76/100 MP: 11/11
  8538 | Lair:2   | Found a staircase to the Snake Pit.
  9070 | Lair:3   | Noticed a boulder beetle
  9081 | Lair:3   | Killed a boulder beetle
  9081 | Lair:3   | Reached ****** piety under Okawaru
  9120 | Lair:3   | Noticed a catoblepas
  9129 | Lair:3   | Killed a catoblepas
  9403 | Lair:3   | Reached skill level 1 in Armour
  9934 | Lair:3   | You fall into a shaft and drop 1 floor!
  9954 | Lair:4   | Received a gift from Okawaru
 10196 | Lair:4   | Received a gift from Okawaru
 10197 | Lair:4   | Reached skill level 17 in Unarmed Combat
 10300 | Lair:4   | Noticed a catoblepas
 10307 | Lair:4   | Killed a catoblepas
 10341 | Lair:4   | Noticed an eight-headed hydra
 10589 | Lair:4   | HP: 1/99 [eight-headed hydra (6)]
 10589 | Lair:4   | Slain by a cane toad

Illustrated notes

Levels and vault maps discovered:
D:1:      lightli_iron_boxes, layout_basic,
          shapermc_ecumenical_altar_mp_urbaneastern
D:2:      layout_loops_corners, st_stairs_9, nicolae_wormholes, uniq_natasha,
          uniq_jessica
D:3:      layout_rooms, serial_shops, nicolae_shop_hallway_stairs,
          kennysheep_small_spiral
D:4:      layout_basic, minmay_temple_entry_statues_fountains,
          lightli_corner_chamber, uniq_sigmund
D:5:      layout_cave_pods, grunt_temple_overflow_cloverleaf,
          minmay_shop_damaged, uniq_duvessa
D:6:      layout_basic, kennysheep_generic_room_2
D:7:      minmay_slanted_spiral_squares, layout_loops_corners,
          reono_crystal_passage, grunt_decor_resistance
D:8:      layout_cave_pools, marbit_many_paths, serial_shops,
          nicolae_inconvenience_store
D:9:      layout_loops_ring, overflow_temple_1_default, david_lair_generic,
          enter_bailey_3, minmay_increasing_density
Temple:   lightli_temple_of_artemis
Lair:1:   beast_lair_carwin_large_3, layout_long_grid, minivault_24,
          minivault_27
Lair:2:   layout_chaotic_city, shoals_dummy_entry, guppyfry_snake_entry_island,
          gammafunk_ghost_cemetery, serial_bayou_shore_a, grunt_megastairs_3
Lair:3:   layout_layer_cave, serial_bayou_ford_a, serial_bayou_shore_b
Lair:4:   layout_cave_pods, slime_entry_1, special_room
          [special_room_mythical_zoo], grunt_megastairs_2

Skill      XL: |  1  2  3  4  5  6  7  8  9 10 11 12 |
---------------+-------------------------------------+-----
Throwing       | 2 3 4 5 6 7 9 10 11 | 11.0
Unarmed Combat | 4 5 6 8 10 12 14 16 17 | 17.2
Armour         | 2 |  2.6
Fighting       | |  1.5
Dodging        | |  2.4

Action                   |  1- 3 |  4- 6 |  7- 9 | 10-12 || total
-------------------------+-------+-------+-------+-------++-------
Melee: Unarmed           |    77 |   103 |   261 |   305 ||   746
       Punch             |     1 |     1 |    17 |    29 ||    48
Throw: Boomerang         |       |       |    65 |    86 ||   151
       Large rock        |       |       |       |     9 ||     9
       Throwing net      |       |       |       |     4 ||     4
       Javelin           |       |       |       |    14 ||    14
Invok: Heroism           |       |       |     2 |     7 ||     9
  Use: Scroll            |       |     8 |     8 |     8 ||    24
       Potion            |       |     2 |     2 |     7 ||    11
 Stab: Sleeping          |       |       |       |     2 ||     2
Armor: Robe              |    26 |    25 |    53 |       ||   104
       Steam dragon scal |       |       |    17 |    89 ||   106
Dodge: Dodged            |    37 |    35 |   158 |   194 ||   424
